 Dungeon Crawl Stone Soup version 0.30.0-20-g3615ddf2f0 (webtiles) character file.

Game seed: 1662392613782196668

27 qw the Shield-Bearer (level 3, -3/23 HPs)
             Began as a Gargoyle Fighter on June 1, 2023.
             Killed from afar by Natasha (5 damage)
             ... with a magic dart
             ... on level 2 of the Dungeon.
             The game lasted 00:00:23 (890 turns).

qw the Shield-Bearer (Gargoyle Fighter)              Turns: 890, Time: 00:00:24

Health: -3/23      AC: 10    Str: 21    XL:     3   Next: 10%
Magic:  3/3        EV:  9    Int:  8    God:
Gold:   2          SH:  4    Dex:  9    Spells: 2/2 levels left

rFire   . . .        Y - +0 war axe
rCold   . . .        c - +0 buckler
rNeg    + . .        b - +0 scale mail
rPois   inf          (no helmet)
rElec   +            (no cloak)
rCorr   .            (no gloves)
SInv    .            (no boots)
Will    .....        (no amulet) Stlth
                     (no ring)
HPRegen 0.23/turn    (no ring)
MPRegen 0.08/turn

%: no passive effects
@: slowed, very slow
A: sickness immunity, AC +3, negative energy resistance 1, electricity
resistance, torment resistance 1, petrification resistance
a: no special abilities


You were on level 2 of the Dungeon.
You visited 1 branch of the dungeon, and saw 2 of its levels.

You collected 2 gold pieces.


Innate Abilities, Weirdness & Mutations

You are immune to sickness and miasma.
Your stone body is resilient. (AC +3)
You are immune to poison.
You resist negative energy. (rN+)
You are resistant to electric shocks. (rElec)
You are resistant to unholy torment.
You are immune to petrification.


   Skills:
 - Level 3.2 Fighting
 + Level 3.1 Axes
 - Level 3.2 Armour
 - Level 3.2 Shields


You had 2 spell levels left.
You didn't know any spells.
Your spell library was empty.

Inventory:

Hand Weapons
 g - a +0 mace
 Y - a +0 war axe (weapon)
Armour
 b - a +0 scale mail (worn)
 c - a +0 buckler (worn)
Potions
 d - a potion of might
 f - a potion of berserk rage {unknown}
 h - a potion of mutation {unknown}

Dungeon Overview and Level Annotations

Branches:
Dungeon (2/15)

Altars:

Annotations:
D:2 Natasha


Message History

You closely miss Natasha.
The cerulean imp hits you from afar with a +2 spear.
Natasha barely misses you.
The cerulean imp hits you but does no damage.
You closely miss Natasha. Natasha barely misses you.
You block the cerulean imp's attack.
You closely miss Natasha.
Natasha mumbles some strange words.
The cerulean imp hits you but does no damage.
Natasha casts a spell at you.
You feel yourself slow down.
You barely miss Natasha.
The cerulean imp disappears in a puff of smoke!
Natasha claws you.
The cerulean imp hits you but does no damage.
Natasha closely misses you.
You miss Natasha.
The cerulean imp hits you but does no damage.
Natasha closely misses you.
The cerulean imp hits you but does no damage.
Natasha claws you but does no damage.
You slash Natasha!
Natasha is almost dead.
The cerulean imp hits you from afar with a +0 spear.
Natasha claws you but does no damage.
The cerulean imp hits you from afar with a +0 spear.
Natasha casts a spell at you. The magic dart hits you.
You barely miss Natasha.
Natasha is almost dead.
The cerulean imp barely misses you.
Natasha stares at you and mumbles some strange words.
The magic dart hits you but does no damage.
You block the cerulean imp's attack. You block Natasha's attack.
You hit Natasha but do no damage.
Natasha is almost dead.
The cerulean imp hits you but does no damage.
Natasha casts a spell at you. The magic dart hits you.
You die...

..#####.#####.##
#....).[.......
#....#.#####.##
#........##..#
#....#.#.##..####
#....#.#.##.....+
#....#.#.....#
.....$........#
.#........>.@.#
#.........$.h#
..........5#.....
...........#.####
..........[# #
.....#####?#
..... #.# ... #.#
.#


You could see Natasha and a cerulean imp (summoned).

Vanquished Creatures
  3 endoplasms (D:1)
  A giant cockroach (D:1)
  4 jackals (D:1)
  3 quokkas (D:1)
  3 ball pythons (D:1)
  A bat (D:1)
  A frilled lizard (D:1)
  4 goblins
  A kobold (D:1)
  3 rats (D:1)
24 creatures vanquished.

Notes
Turn   | Place    | Note
-------+----------+-------------------------------------------
     0 | D:1      | qw the Gargoyle Fighter began the quest for the Orb.
     0 | D:1      | Reached XP level 1. HP: 14/14 MP: 1/1
     0 | D:1      | 0 ||| qw: Version: 0.2-a-102-gfc559e5
     0 | D:1      | 0 ||| qw: Game counter: 623
     0 | D:1      | 0 ||| qw: Always use a shield: true
     0 | D:1      | 0 ||| qw: God list: Okawaru
     0 | D:1      | 0 ||| qw: Allow faded altars: false
     0 | D:1      | 0 ||| qw: Do Orc after D:15 true
     0 | D:1      | 0 ||| qw: Do second Lair branch before Depths: true
     0 | D:1      | 0 ||| qw: Lair rune preference: random
     0 | D:1      | 0 ||| qw: Plans: Normal, Zot:1-4, Slime:5, God:TSO, Crypt,
                  | Tomb, Pan, Hells, Abyss, Win
     0 | D:1      | 0 ||| PLANNING D:1-11
   184 | D:1      | Reached XP level 2. HP: 17/19 MP: 2/2
   412 | D:1      | 412 ||| Stepping ~*~*~tactically~*~*~ (stealth).
   549 | D:1      | 549 ||| DROPPING +0 club.
   562 | D:1      | Reached skill level 3 in Axes
   644 | D:1      | Reached XP level 3. HP: 23/23 MP: 3/3
   825 | D:1      | 825 ||| READING scroll labelled LUTOAL NOVVU.
   874 | D:2      | Noticed Natasha
   875 | D:2      | 875 ||| Stepping ~*~*~tactically~*~*~ (hiding).
   876 | D:2      | 876 ||| Stepping ~*~*~tactically~*~*~ (hiding).
   877 | D:2      | 877 ||| Stepping ~*~*~tactically~*~*~ (hiding).
   888 | D:2      | HP: 4/23 [cerulean imp/+0 spear[Natasha] (5)]
   888 | D:2      | HP: 1/23 [Natasha/magic dart (1)]
   890 | D:2      | Killed from afar by Natasha

Levels and vault maps discovered:
D:1:      psy_arrival_radial01, layout_loops_ring
D:2:      layout_basic, uniq_natasha, uniq_terence

Skill      XL: |  1  2 |
---------------+-------+-----
Axes           | 2 3 |  3.1
Fighting       | |  3.2
Armour         | |  3.2
Shields        | |  3.2

Action                     || total
---------------------------++-------
  Melee: War axe           ||    74
    Use: Scroll            ||     1
 Armour: Scale mail        ||    61
  Dodge: Dodged            ||    40
  Block: Buckler           ||    16

Table legend:
 A = Non-vault XP
 B = Vault XP
 C = Vault XP percentage of total XP
 D = Non-vault monster count
 E = Vault monster count
 F = Vault count percentage of total count
                 A         B        C        D         E       F
            +---------+---------+-------+---------+---------+-------
      Total |      39 |       0 |   0.0 |      24 |       0 |   0.0
            +---------+---------+-------+---------+---------+-------
        D:1 |      37 |       0 |   0.0 |      23 |       0 |   0.0
        D:2 |       2 |       0 |   0.0 |       1 |       0 |   0.0
            +---------+---------+-------+---------+---------+-------
